 Dungeon Crawl Stone Soup version 0.25.1-2-g60ff931df9 (webtiles) character file.

Game seed: 16641238424313237999

1196 Madoushi the Cleaver (level 8, -6/71 HPs)
             Began as a Minotaur Berserker on Oct 2, 2020.
             Was a Priest of Trog.
             Shot with an arrow by a centaur (10 damage)
             ... on level 6 of the Dungeon.
             The game lasted 00:11:51 (5468 turns).

Madoushi the Cleaver (Minotaur Berserker)           Turns: 5468, Time: 00:11:52

Health: -6/71      AC:  6    Str: 24    XL:     8   Next: 20%
Magic:  7/7        EV: 13    Int:  4    God:    Trog [***...]
Gold:   368        SH:  0    Dex: 16    Spells: 7/7 levels left

rFire    . . .     SeeInvis .   s - +4 hand axe
rCold    . . .     Gourm    .   (no shield)
rNeg     . . .     Faith    .   f - +1 ring mail (curse)
rPois    .         Spirit   .   (helmet restricted)
rElec    .         Reflect  .   (no cloak)
rCorr    .         Harm     .   (no gloves)
MR       .....                  (no boots)
Stlth    +.........             (no amulet)
HPRegen  0.21/turn              z - +6 ring of dexterity
MPRegen  0.10/turn              (no ring)

@: drained
A: retaliatory headbutt, horns 2
a: Berserk, Trog's Hand, Renounce Religion


You were on level 6 of the Dungeon.
You worshipped Trog.
Trog was most pleased with you.
You were not hungry.

You visited 1 branch of the dungeon, and saw 6 of its levels.

You collected 368 gold pieces.

Inventory:

Hand Weapons
 a - a +0 hand axe
 s - a +4 hand axe (weapon)
 A - a +2 mace of draining
Armour
 b - a +0 animal skin
 f - a cursed +1 ring mail (worn)
 t - a +0 tower shield
Jewellery
 z - a +6 ring of dexterity (left hand)
Scrolls
 d - a scroll of enchant armour
 g - a scroll of noise {unknown}
 h - 3 scrolls of immolation {unknown}
 m - a scroll of brand weapon {unknown}
 o - a scroll of teleportation
 p - a scroll of blinking {unknown}
 q - 4 scrolls of amnesia {unknown}
 r - 2 scrolls of remove curse {unknown}
 v - a scroll of magic mapping {unknown}
 x - a scroll of enchant weapon {unknown}
 y - a scroll of fog {unknown}
 B - 4 scrolls of fear {unknown}
 D - a scroll of identify
 E - a scroll of random uselessness {unknown}
Potions
 e - a potion of curing
 i - 3 potions of flight {unknown}
 j - 3 potions of haste {unknown}
 k - 3 potions of brilliance {unknown}
 l - 2 potions of heal wounds
 n - 2 potions of cancellation {unknown}
 u - 2 potions of resistance {unknown}
 w - a potion of berserk rage {unknown}
 C - 4 potions of lignification {unknown}
Comestibles
 c - 11 rations
 F - a chunk of flesh


   Skills:
 + Level 6.9(6.2) Fighting
 + Level 9.1(8.3) Axes
 + Level 3.1(2.5) Armour
 + Level 4.5(3.8) Dodging
 + Level 2.1(1.5) Stealth


You had 7 spell levels left.
You didn't know any spells.
Your spell library was empty.

Dungeon Overview and Level Annotations

Branches:
Dungeon (6/15)             Temple (0/1) D:6

Altars:
Ashenzari
Cheibriados
Fedhas
Kikubaaqudgha
Uskayaw
Xom
Yredelemnul
The Shining One


Innate Abilities, Weirdness & Mutations

You reflexively headbutt those who attack you in melee.
You have a pair of horns on your head.


Message History

You see here an arrow.
The centaur shoots an arrow.
The arrow hits you.
* * * LOW HITPOINT WARNING * * *
You see here an arrow.
You recover from your berserk rage.
The centaur shoots an arrow.
The arrow hits you.
* * * LOW HITPOINT WARNING * * *
You see here an arrow.
The centaur shoots an arrow.
The arrow hits you!
* * * LOW HITPOINT WARNING * * *
The centaur shoots an arrow.
The arrow hits you!
* * * LOW HITPOINT WARNING * * *
You see here an arrow.
The centaur shoots an arrow.
The arrow hits you but does no damage.
You see here an arrow.
The centaur shoots an arrow.
The arrow completely misses you.
The centaur shoots an arrow.
The arrow hits you but does no damage.
You see here 2 arrows.
The centaur shoots an arrow.
The arrow hits you!
You die...

#.# #........ #.#
#........
#####.####...####.
#............. +.
#.###.#####.### #.
#.# #.# #.# #. #.#
#.#####.#####. #.#
#.............
##@#########.#####.
#(((.(.c..(........
##########(########
...... #(#
......##)#
......'.†#
......#..# ....?
#..# ..#. #..####


You could see a centaur.

Vanquished Creatures
  A sky beast (D:5)
  An ogre (D:4)
  A bullfrog (D:6)
  2 scorpions
  4 wights (D:6)
  2 howler monkeys
  2 hounds (D:4)
  2 orc priests
  8 orc wizards
  An iguana (D:5)
  Natasha (D:3)
  A worker ant (D:5)
  3 gnolls (D:4)
  9 adders
  An adder skeleton (D:4)
  2 worms
  3 dart slugs
  7 leopard geckos
  9 orcs
  3 giant cockroaches
  7 goblins
  6 hobgoblins
  2 jackals (D:3)
  3 quokkas
  A ball python (D:2)
  8 bats
  5 frilled lizards
  3 kobolds
  A quokka skeleton (D:6)
  7 rats
106 creatures vanquished.

Notes
Turn   | Place    | Note
-------+----------+-------------------------------------------
     0 | D:1      | Madoushi the Minotaur Berserker began the quest for the
                  | Orb.
     0 | D:1      | Reached XP level 1. HP: 19/19 MP: 0/0
   204 | D:1      | Reached XP level 2. HP: 27/27 MP: 1/1
   411 | D:1      | Reached skill level 4 in Axes
   513 | D:1      | Reached ** piety under Trog
   745 | D:1      | Reached XP level 3. HP: 25/33 MP: 2/2
  1708 | D:3      | Reached XP level 4. HP: 18/41 MP: 3/3
  2069 | D:3      | Reached skill level 5 in Axes
  2177 | D:3      | Noticed Natasha
  2188 | D:3      | Killed Natasha
  2188 | D:3      | Reached XP level 5. HP: 9/47 MP: 4/4
  2488 | D:3      | Found an ancient bone altar of Kikubaaqudgha.
  2566 | D:3      | Reached skill level 5 in Fighting
  2916 | D:4      | Found a blossoming altar of Fedhas.
  2916 | D:4      | Found a basalt altar of Yredelemnul.
  2922 | D:4      | Reached skill level 1 in Stealth
  2975 | D:4      | Reached skill level 6 in Axes
  2975 | D:4      | Reached XP level 6. HP: 55/56 MP: 5/5
  2985 | D:4      | Reached *** piety under Trog
  3054 | D:4      | Reached skill level 7 in Axes
  3549 | D:4      | Reached XP level 7. HP: 56/62 MP: 6/6
  3661 | D:5      | Entered Level 5 of the Dungeon
  3705 | D:5      | Found a shimmering altar of Xom.
  3706 | D:5      | Found a shimmering altar of Xom.
  3706 | D:5      | Found a shimmering altar of Xom.
  3769 | D:5      | Found a hide-covered altar of Uskayaw.
  4646 | D:5      | Reached skill level 8 in Axes
  4655 | D:5      | Found a shimmering altar of Xom.
  4672 | D:5      | Found a shimmering altar of Xom.
  4711 | D:5      | Found a shimmering altar of Xom.
  4875 | D:6      | Found a glowing golden altar of the Shining One.
  4904 | D:6      | Found a staircase to the Ecumenical Temple.
  5089 | D:6      | Found a snail-covered altar of Cheibriados.
  5140 | D:6      | Reached XP level 8. HP: 68/71 MP: 7/7
  5337 | D:6      | Found a shattered altar of Ashenzari.
  5402 | D:6      | Reached skill level 9 in Axes
  5464 | D:6      | HP: 3/71 [centaur/arrow (8)]
  5468 | D:6      | Shot with an arrow by a centaur

Illustrated notes

Levels and vault maps discovered:
D:1:      eino_arrival_cavern_d, layout_basic, skrybe_limestone_x,
          minmay_heptomino_o4
D:2:      layout_basic, first_ration
D:3:      layout_basic, kiku_gazebo_pond_becter, uniq_natasha
D:4:      layout_cave_pools, chequers_temple_overflow_statue_of_worship
D:5:      layout_loops_corners, kennysheep_mini, portal_sewer_entry_d,
          xom_redecorated
D:6:      layout_basic, tso_metal_star, kennysheep_slug_shrine,
          overflow_temple_1_default, minmay_temple_entry_glassed_door

Skill      XL: |  1  2  3  4  5  6  7  8 |
---------------+-------------------------+-----
Fighting       | 4 5 6 |  6.9
Axes           | 4 5 6 7 8 9 |  9.1
Dodging        | 3 4 |  4.5
Stealth        | 1 2 |  2.1
Armour         | 3 |  3.1

Action                   |  1- 3 |  4- 6 |  7- 9 || total
-------------------------+-------+-------+-------++-------
Melee: Hand axe          |    75 |    78 |    70 ||   223
       Headbutt          |     8 |    11 |    28 ||    47
Invok: Berserk           |     1 |     2 |     1 ||     4
  Use: Potion            |     1 |     2 |       ||     3
       Scroll            |       |     4 |       ||     4
 Stab: Sleeping          |       |       |     1 ||     1
  Eat: Chunk             |     3 |     8 |     7 ||    18
Armor: Animal skin       |    12 |    13 |       ||    25
       Ring mail         |       |       |    12 ||    12
Dodge: Dodged            |    54 |    69 |    37 ||   160
